 Dungeon Crawl Stone Soup version 0.23-a0-641-g0a7f1ce553 (webtiles) character file.

154 HereIgoKillingAgain the Changer (level 5, 0/40 HPs)
             Began as a Draconian Transmuter on Dec 30, 2018.
             Killed from afar by an orc wizard (2 damage)
             ... with a puff of flame
             ... on level 2 of the Dungeon.
             The game lasted 00:02:17 (1201 turns).

HereIgoKillingAgain the Changer (DrTm)              Turns: 1201, Time: 00:02:17

Health: 0/40       AC:  5    Str: 12    XL:     5   Next: 13%
Magic:  3/8        EV: 12    Int: 14    God:
Gold:   67         SH:  0    Dex: 12    Spells: 5/8 levels left

rFire    . . .     SeeInvis .   h - +1 dagger (flame)
rCold    . . .     Gourm    .   (no shield)
rNeg     . . .     Faith    .   (armour unavailable)
rPois    .         Spirit   .   (helmet restricted)
rElec    .         Reflect  .   (no cloak)
rCorr    .         Harm     .   (no gloves)
MR       .....                  (no boots)
Stlth    +.........             (no amulet)
HPRegen  0.13/turn              (no ring)
MPRegen  0.11/turn              (no ring)

@: no status effects
A: unfitting armour, cold-blooded, AC +5
a: no special abilities


You were on level 2 of the Dungeon.
You were hungry.

You visited 1 branch of the dungeon, and saw 2 of its levels.

You collected 67 gold pieces.

Inventory:

Hand Weapons
 h - a +1 dagger of flaming (weapon)
Missiles
 a - 4 arrows
Scrolls
 b - a scroll of remove curse
 f - a scroll of identify {unknown}
Comestibles
 c - 3 rations
 d - 2 chunks of flesh


   Skills:
 - Level 1.1 Fighting
 - Level 1.7 Dodging
 - Level 3.4 Unarmed Combat
 - Level 2.0 Spellcasting
 + Level 5.1 Transmutations


You had 5 spell levels left.
You knew the following spells:

 Your Spells              Type           Power        Failure   Level  Hunger
a - Beastly Appendage     Tmut           ###...       3%          1    ##.....
b - Sticks to Snakes      Tmut           ###.....     4%          2    ###....

Your spell library contained the following spells:

 Spells                   Type           Power        Failure   Level  Hunger
 Spider Form              Tmut/Pois      #.........   26%         3    ####...
 Ice Form                 Ice/Tmut       #.......     63%         4    #####..
 Blade Hands              Tmut           ###.......   63%         5    ######.


Dungeon Overview and Level Annotations

Branches:
Dungeon (2/15)

Altars:


Innate Abilities, Weirdness & Mutations

Your plain brown scales are hard. (AC +5)
You cannot fit into any form of body armour.
You are cold-blooded and may be slowed by cold attacks.


Message History

Your ball python constricts the orc wizard.
Your talons disappear.
The orc wizard struggles to escape constriction.
The orc barely misses your ball python.
Your ball python bites the orc wizard but does no damage.
Your ball python constricts the orc wizard.
The orc wizard hits your ball python with a +0 dagger.
The frilled lizard unfolds its giant frill.
The orc wizard casts a spell at your ball python.
The puff of frost hits your ball python.
Your ball python dies!
The orc wizard looks braver for a moment.
The orc wizard looks satisfied for a moment.
The orc wizard barely misses you.
The orc wizard gestures at you while chanting.
The magic dart hits you!
* * * LOW HITPOINT WARNING * * *
The orc wizard points at you and mumbles some strange words.
The puff of flame hits you!
You die...

#........# # #...#####.# #
#...#####.#####... #
.................. .
#...##.##..####... #
##.#.##.....# #..#.##.###.####
#..#.##÷#......#
#..o..@.#......#
#######o#####.#....##### # .
........####.....###.⌠.###### ..
.#######........##.......##..
... #........##♣.P.P8.##.. ..
#o.......##....P..##..
.###$######.....########.#######
....glo....o....# #..P.........
...s.##.o.......# ###..P.......


You could see an orc wizard and an orc.

Vanquished Creatures
  An orc wizard (D:2)
  An ooze (D:1)
  2 dart slugs (D:1)
  A leopard gecko (D:2)
  3 bats (D:1)
  A giant cockroach (D:1)
  5 goblins
  3 hobgoblins
  4 jackals (D:2)
  3 frilled lizards
  2 kobolds
  4 rats
30 creatures vanquished.

Vanquished Creatures (collateral kills)
  Sigmund (D:2)
  An orc (D:2)
  A goblin (D:1)
  A hobgoblin (D:2)
4 creatures vanquished.

Grand Total: 34 creatures vanquished

Notes
Turn   | Place    | Note
-------+----------+-------------------------------------------
     0 | D:1      | HereIgoKillingAgain the Draconian Transmuter began the
                  | quest for the Orb.
     0 | D:1      | Reached XP level 1. HP: 16/16 MP: 3/3
    66 | D:1      | Reached XP level 2. HP: 19/23 MP: 5/5
    82 | D:1      | Learned a level 2 spell: Sticks to Snakes
   518 | D:1      | Reached skill level 3 in Transmutations
   741 | D:2      | Reached XP level 3. HP: 28/28 MP: 6/6
  1080 | D:2      | Noticed Sigmund
  1113 | D:2      | Killed Sigmund
  1113 | D:2      | Reached skill level 4 in Transmutations
  1113 | D:2      | Reached XP level 4. HP: 35/35 MP: 1/7
  1133 | D:2      | Found a faded altar of an unknown god.
  1185 | D:2      | Reached skill level 5 in Transmutations
  1185 | D:2      | Reached XP level 5. HP: 22/40 MP: 1/8
  1187 | D:2      | HP: 2/40 [orc wizard/puff of frost (9)]
  1200 | D:2      | HP: 2/40 [orc wizard/magic dart (7)]
  1201 | D:2      | Killed from afar by an orc wizard

Vault maps used:
D:1:      saegor_arrival_simple_b
D:2:      lemuel_crystal_altar, lemuel_blue_sif_altar,
          gammafunk_temple_overflow_claw, chequers_ecumenical_altar_lobes,
          bloody_trog, uniq_sigmund

Skill      XL: |  1  2  3  4 |
---------------+-------------+-----
Transmutations | 3 4 5 |  5.1
Fighting       | |  1.1
Dodging        | |  1.7
Unarmed Combat | |  3.4
Spellcasting   | |  2.0

Action                   |  1- 3 |  4- 6 || total
-------------------------+-------+-------++-------
Melee: Unarmed           |    31 |       ||    31
       Dagger            |    53 |     3 ||    56
       Tailslap          |    10 |     1 ||    11
       Headbutt          |     3 |       ||     3
       Kick              |       |     2 ||     2
 Cast: Beastly Appendage |     4 |     1 ||     5
       Sticks to Snakes  |     5 |     3 ||     8
  Use: Scroll            |     3 |       ||     3
       Potion            |     4 |     1 ||     5
 Stab: Sleeping          |     1 |       ||     1
  Eat: Chunk             |       |     1 ||     1
Armor: Skin              |    29 |       ||    29
Dodge: Dodged            |    66 |     5 ||    71

Table legend:
 A = Non-vault XP
 B = Vault XP
 C = Vault XP percentage of total XP
 D = Non-vault monster count
 E = Vault monster count
 F = Vault count percentage of total count
                 A         B        C        D         E       F
            +---------+---------+-------+---------+---------+-------
      Total |     102 |     119 |  53.8 |      33 |       1 |   2.9
            +---------+---------+-------+---------+---------+-------
        D:1 |      37 |       0 |   0.0 |      18 |       0 |   0.0
        D:2 |      65 |     119 |  64.7 |      15 |       1 |   6.2
            +---------+---------+-------+---------+---------+-------
